 Seeded DCSS version 0.30-a0-534-gdc55766716 (webtiles) character file.

Game seed: 16346745797284664927 (custom seed)

4 lotusamurai3 the Slasher (level 1, -3/14 HPs)
             Began as a Tengu Monk on Dec 24, 2022.
             Slain by a hobgoblin
             ... wielding a +0 mace
              (5 damage)
             ... on level 1 of the Dungeon.
             The game lasted 00:00:23 (148 turns).

lotusamurai3 the Slasher (Tengu Monk)                Turns: 148, Time: 00:00:23

Health: -3/14      AC:  2    Str: 11    XL:     1   Next: 60%
Magic:  2/2        EV: 13    Int: 10    God:
Gold:   18         SH:  0    Dex: 16    Spells: 0/0 levels left

rFire   . . .      SeeInvis .    a - +0 falchion
rCold   . . .      Faith    .    (no shield)
rNeg    . . .      Spirit   .    b - +0 robe
rPois   .          Reflect  .    (helmet restricted)
rElec   .          Harm     .    (no cloak)
rCorr   .          Rampage  .    (no gloves)
Will    .....                    (boots unavailable)
Stlth   ++                       (no amulet)
HPRegen 0.22/turn                (no ring)
MPRegen 0.08/turn                (no ring)

@: no status effects
A: beak, talons 3
a: no special abilities


You were on level 1 of the Dungeon.
You visited 1 branch of the dungeon, and saw 1 of its levels.

You collected 18 gold pieces.

Inventory:

Hand Weapons
 a - a +0 falchion (weapon)
Armour
 b - a +0 robe (worn)
Potions
 c - a potion of ambrosia


   Skills:
 * Level 3.0 Fighting
 + Level 3.3 Long Blades
 * Level 0.4 Armour
 * Level 3.3 Dodging
 - Level 2.0 Stealth


You couldn't memorise any spells.
You didn't know any spells.
Your spell library was empty.

Dungeon Overview and Level Annotations

Branches:
Dungeon (1/15)

Altars:


Innate Abilities, Weirdness & Mutations

You have a beak for a mouth.
You have claws for feet.


Message History

The quokka barely misses you.
You closely miss the quokka. You claw the quokka.
You kill the quokka!
You barely miss the kobold. You claw the kobold.
You kill the kobold!
Things that are here:
a +0 dagger; a quokka corpse A frilled lizard comes into view.
A frilled lizard is nearby!
A frilled lizard is nearby!
A frilled lizard is nearby!
You start resting.
A frilled lizard is nearby!
There is an open door here.
You close the door.
You start resting.
HP restored.
As you open the door, it creaks loudly!
You hit the frilled lizard.
You kill the frilled lizard!
No target in view!
There is an open door here.
You see here a frilled lizard corpse.
A hobgoblin is nearby!
A hobgoblin is nearby!
A hobgoblin is nearby!
A hobgoblin is nearby!
A hobgoblin is nearby!
Found an amethyst potion and a potion of ambrosia.
The hobgoblin shouts!
The hobgoblin hits you with a +0 mace.
You completely miss the hobgoblin. You claw the hobgoblin.
The hobgoblin is heavily wounded.
The hobgoblin hits you with a +0 mace!
Ouch! That really hurt!
* * * LOW HITPOINT WARNING * * *
You are too injured to fight recklessly!
You are too injured to fight recklessly!
The hobgoblin attacks as you move away! The hobgoblin hits you with a +0 mace.
You die...

#..#. .... ...# !.. .
###.. .. # #... ...
#.. #.g###.... ...
#.@...# #####.#.
#...#.#.#
.....#..####.....!#
####....#.......##.###
........##.##...# ...
.............#########
.........#.#........
.........#.#..≈≈≈≈≈≈
......##.#.#..≈####≈
####≈.#


You could see a hobgoblin.

Vanquished Creatures
  2 quokkas (D:1)
  A frilled lizard (D:1)
  A kobold (D:1)
4 creatures vanquished.

Vanquished Creatures (others)
  A fungus (D:1)
1 creature vanquished.

Grand Total: 5 creatures vanquished

Notes
Turn   | Place    | Note
-------+----------+-------------------------------------------
     0 | D:1      | lotusamurai3 the Tengu Monk began the quest for the Orb.
     0 | D:1      | Reached XP level 1. HP: 14/14 MP: 2/2
   148 | D:1      | Slain by a hobgoblin

Illustrated notes

Levels and vault maps discovered:
D:1:      heliophobic_arrival_glass_houses, layout_basic,
          shapermc_ecumenical_altar_mp_highgroup, minmay_gold_behind_fungi

Action                   || total
-------------------------++-------
Melee: Falchion          ||    15
       Kick              ||     5
Armor: Robe              ||     1
Dodge: Dodged            ||    10

Table legend: (Time is in decaauts)
 A = Elapsed time spent in this place.
 B = Non-inter-level travel time spent in this place.
 C = Inter-level travel time spent in this place.
 D = Time resting spent in this place.
 E = Time spent auto-exploring this place.
 F = Levels seen in this place.
 G = Mean time per level.
                   A        B        C        D        E       F      G
               +--------+--------+--------+--------+--------+-----+--------+
         Total |    150 |    150 |      0 |     22 |     84 |   1 |  150.0 |
       Dungeon |    150 |    150 |      0 |     22 |     84 |   1 |  150.0 |
               +--------+--------+--------+--------+--------+-----+--------+

Top non-repeatable levels by time:
     D:1: 150 daAuts
